 Dungeon Crawl Stone Soup version 0.20.0-8-g6b59dc7 (webtiles) character file.

517 ChaseSP the Chopper (level 7, -15/61 HPs)
             Began as a Deep Dwarf Fighter on June 1, 2017.
             Was an Initiate of Makhleb.
             Demolished by an ogre
             ... wielding a +0 giant club
              (18 damage)
             ... on level 5 of the Dungeon.
             The game lasted 00:07:56 (3730 turns).

ChaseSP the Chopper (Deep Dwarf Fighter)            Turns: 3730, Time: 00:07:57

Health: -15/61     AC: 11    Str: 19    XL:     7   Next: 0%
Magic:  6/6        EV:  5    Int:  9    God:    Makhleb [......]
Gold:   367        SH: 10    Dex: 18    Spells: 6/6 levels left

rFire    . . .     SeeInvis .   a - +0 war axe
rCold    . . .     Gourm    .   c - +0 shield
rNeg     . . .     Faith    .   y - +0 chain mail
rPois    .         Spirit   .   p - +1 helmet
rElec    .         Reflect  .   (no cloak)
rCorr    .         Harm     .   (no gloves)
MR       +....                  (no boots)
Stlth    ..........             (no amulet)
Regen    0.0/turn               q - +4 ring of dexterity
MPRegen  0.1/turn               (no ring)

@: non-regenerating
A: damage resistance, heal wounds, sense surroundings 1, no regeneration
a: Heal Wounds, Renounce Religion


You were on level 5 of the Dungeon.
You worshipped Makhleb.
Makhleb was noncommittal.
You were very hungry.

You visited 2 branches of the dungeon, and saw 6 of its levels.

You collected 367 gold pieces.

Inventory:

Hand Weapons
 a - a +0 war axe (weapon)
 o - a cursed +0 flail
Missiles
 i - 46 bolts
Armour
 b - a +0 scale mail
 c - a +0 shield (worn)
 p - a +1 helmet (worn)
 y - a +0 chain mail (worn)
Jewellery
 q - a +4 ring of dexterity (left hand)
Wands
 v - a wand of flame (10/48)
Scrolls
 e - a scroll of remove curse
 k - a scroll of immolation {unknown}
 n - a scroll of blinking {unknown}
 s - a scroll of magic mapping {unknown}
 t - 3 scrolls of teleportation {unknown}
 u - a scroll of random uselessness {unknown}
 A - 2 scrolls of amnesia {unknown}
Potions
 d - 3 potions of might
 g - 5 potions of curing
 j - a potion of heal wounds {unknown}
 l - 2 potions of berserk rage {unknown}
 r - a potion of haste {unknown}
 B - a potion of brilliance {unknown}
Comestibles
 f - 3 bread rations
 w - 5 fruits
 z - 3 meat rations


   Skills:
 - Level 2.6 Fighting
 * Level 7.6 Axes
 + Level 4.8 Armour
 - Level 3.2 Shields


You had 6 spell levels left.
You didn't know any spells.

Dungeon Overview and Level Annotations

Branches:
Dungeon (5/15)             Temple (1/1) D:4

Altars:
Ashenzari
Cheibriados
Elyvilon
Fedhas
Gozag
Hepliaklqana
Kikubaaqudgha
Makhleb
Nemelex Xobeh
Okawaru
Qazlal
Ru
Sif Muna
Trog
Uskayaw
Vehumet
Xom
Yredelemnul
Zin
The Shining One


Innate Abilities, Weirdness & Mutations

You are resistant to damage.
You can heal yourself by infusing magical energy.
You passively map a small area around you.
You do not regenerate.


Message History

You are too injured to fight recklessly!
You are too injured to fight recklessly!
You hit the ogre.
The ogre is lightly wounded.
The ogre hits you with a giant club!!
* * * LOW HITPOINT WARNING * * *
You hit the ogre but do no damage.
The ogre is lightly wounded.
You block the ogre's attack.
You hit the ogre but do no damage.
The ogre is lightly wounded.
You block the ogre's attack.
You closely miss the ogre.
The ogre is lightly wounded.
The ogre hits you with a giant club!
* * * LOW HITPOINT WARNING * * *
You slash the ogre!
The ogre is moderately wounded.
The ogre hits you with a giant club!!
You die...

<.......####...#.#
........'........##
........##........#
.......###.##.##..#
#......# #.#####..#
##...#.########...#
##'##............#
#.##########....#
#.##.......#.#@##
##.##.#####.#.#.O#*
* ##...#. *
.#...... .....#,
,..#.#.#.# .....# ,
........# .....# *
...#.#.#.# .....# *
#.#.......# #....#,
....#.#.#.#
######,*


You could see an ogre.

Vanquished Creatures
  An ogre (D:4)
  A scorpion (D:5)
  An orc priest (D:4)
  A bullfrog skeleton (D:4)
  An iguana (D:4)
  2 worker ants
  A hound skeleton (D:4)
  9 adders
  4 gnolls (D:5)
  An ooze (D:1)
  3 worms
  4 dart slugs
  2 leopard geckos (D:3)
  15 orcs
  8 bats
  4 giant cockroaches
  8 goblins
  11 hobgoblins
  4 jackals
  2 quokkas
  A ball python (D:4)
  4 frilled lizards
  3 kobolds
  A quokka skeleton (D:5)
  6 rats
98 creatures vanquished.

Notes
Turn   | Place    | Note
-------+----------+-------------------------------------------
     0 | D:1      | ChaseSP the Deep Dwarf Fighter began the quest for the Orb.
     0 | D:1      | Reached XP level 1. HP: 20/20 MP: 1/1
    34 | D:1      | Reached skill level 3 in Axes
    34 | D:1      | Reached XP level 2. HP: 27/27 MP: 2/2
   506 | D:2      | Reached skill level 4 in Axes
   506 | D:2      | Reached XP level 3. HP: 17/33 MP: 3/3
   821 | D:2      | Found a blossoming altar of Fedhas.
  1097 | D:2      | Reached XP level 4. HP: 20/40 MP: 4/4
  1169 | D:3      | Reached skill level 5 in Axes
  1811 | D:3      | Reached XP level 5. HP: 31/46 MP: 4/4
  2016 | D:4      | Noticed an ogre
  2024 | D:4      | Killed an ogre
  2024 | D:4      | Reached skill level 6 in Axes
  2167 | D:4      | Found a staircase to the Ecumenical Temple.
  2174 | Temple   | Entered the Ecumenical Temple
  2309 | Temple   | Became a worshipper of Makhleb the Destroyer
  2581 | D:4      | Reached XP level 6. HP: 41/55 MP: 5/5
  2812 | D:4      | Reached skill level 7 in Axes
  3016 | D:5      | Entered Level 5 of the Dungeon
  3368 | D:5      | Reached XP level 7. HP: 44/61 MP: 6/6
  3729 | D:5      | HP: 3/61 [ogre/giant club (8)]
  3730 | D:5      | Demolished by an ogre

Skill      XL: |  1  2  3  4  5  6 |
---------------+-------------------+-----
Axes           | 3 4 5 6 7 |  7.6
Armour         | 4 |  4.8
Fighting       | |  2.6
Shields        | |  3.2

Action                   |  1- 3 |  4- 6 |  7- 9 || total
-------------------------+-------+-------+-------++-------
Melee: War axe           |    93 |   203 |     7 ||   303
 Abil: Heal Wounds       |       |     1 |       ||     1
  Use: Scroll            |       |     3 |       ||     3
       Potion            |       |     2 |       ||     2
  Eat: Chunk             |     1 |     7 |       ||     8
Armor: Scale mail        |    31 |    18 |       ||    49
       Chain mail        |       |    56 |       ||    56
Dodge: Dodged            |    36 |    49 |       ||    85
Block: Shield            |    46 |   105 |     3 ||   154
